 Dungeon Crawl Stone Soup version 0.28-a0-863-g8cecda6153 (webtiles) character file.

Game seed: 10077241358252714090

656 gigimoi the Poker (level 7, -4/61 HPs)
             Began as a Grey Draconian Berserker on Nov 17, 2021.
             Was a Believer of Trog.
             Slain by an ogre (25 damage)
             ... on level 5 of the Dungeon.
             The game lasted 00:12:47 (5271 turns).

gigimoi the Poker (Grey Draconian Berserker)        Turns: 5271, Time: 00:12:48

Health: -4/61      AC: 11    Str: 22    XL:     7   Next: 29%
Magic:  7/7        EV: 13    Int:  7    God:    Trog [**....]
Gold:   188        SH:  0    Dex: 10    Spells: 6/6 levels left

rFire   + . .      SeeInvis .   a - +1 spear
rCold   + . .      Faith    +   (no shield)
rNeg    . . .      Spirit   .   (armour unavailable)
rPois   .          Reflect  .   (helmet restricted)
rElec   .          Harm     .   (no cloak)
rCorr   .          Rampage  .   (no gloves)
Will    .....                   (no boots)
Stlth   ++........              h - amulet of faith
HPRegen 0.20/turn               g - ring of protection from cold
MPRegen 0.10/turn               o - ring of protection from fire

@: on berserk cooldown, slowed, very slow
A: AC +11, amphibious, unfitting armour, cold-blooded
a: Renounce Religion, Berserk, Trog's Hand


You were on level 5 of the Dungeon.
You worshipped Trog.
Trog was pleased with you.
You visited 1 branch of the dungeon, and saw 5 of its levels.

You collected 188 gold pieces.

Inventory:

Hand Weapons
 a - a +1 spear (weapon)
Missiles
 f - 2 throwing nets (quivered)
Jewellery
 g - a ring of protection from cold (left hand)
 h - an amulet of faith (around neck)
 j - a ring of fire
 o - a ring of protection from fire (right hand)
Scrolls
 d - a scroll of amnesia {unknown}
 e - a scroll of silence {unknown}
 k - a scroll of fog
Potions
 b - a potion of attraction
 c - a potion of might {unknown}
 i - a potion of lignification {unknown}
 l - a potion of curing {unknown}
 n - 3 potions of haste


   Skills:
 + Level 5.1 Fighting
 + Level 5.9 Polearms
 + Level 4.6 Dodging
 + Level 2.1 Stealth


You had 6 spell levels left.
You didn't know any spells.
Your spell library was empty.

Dungeon Overview and Level Annotations

Branches:
Dungeon (5/15)             Temple (0/1) D:4

Altars:
Cheibriados
Gozag
Hepliaklqana
Wu Jian
Yredelemnul
The Shining One


Innate Abilities, Weirdness & Mutations

Your dull iron-grey scales are very hard. (AC +11)
You are amphibious.
You cannot fit into any form of body armour.
You are cold-blooded and may be slowed by cold attacks.


Message History

The black bear bites you but does no damage.
The black bear closely misses you. The black bear barely misses you.
You hit the black bear.
The black bear is moderately wounded.
The black bear closely misses you. The black bear barely misses you. x2
You hit the black bear.
The black bear is heavily wounded.
You completely miss the black bear.
The black bear is heavily wounded.
The black bear misses you.
The black bear claws you but does no damage.
The black bear misses you. The wyvern skeleton bites you.
You hit the black bear. You tail-slap the black bear.
The black bear is severely wounded.
The ogre hits you with a +0 giant club!
You puncture the black bear!
You kill the black bear!
Trog accepts your kill. The wyvern skeleton barely misses you.
The wyvern skeleton bites you!
You hit the wyvern skeleton. You tail-slap the wyvern skeleton!
The wyvern skeleton is heavily damaged.
You puncture the wyvern skeleton! You tail-slap the wyvern skeleton.
The wyvern skeleton is severely damaged.
The wyvern skeleton bites you but does no damage.
The ogre closely misses you.
You barely miss the wyvern skeleton.
The wyvern skeleton is severely damaged.
You are no longer berserk.
You are exhausted.
You feel yourself slow down. The wyvern skeleton closely misses you.
You hit the wyvern skeleton. You tail-slap the wyvern skeleton.
The wyvern skeleton is almost destroyed.
The wyvern skeleton bites you! The ogre misses you.
A necrophage comes into view.
The wyvern skeleton bites you.
You completely miss the wyvern skeleton.
The wyvern skeleton is almost destroyed.
The ogre hits you with a +0 giant club!!
You die...

### #.## ##..#
##... ## #
##...# #.##..#
#....##.......
####.O.<.......
#...@Z#..##....
#.....##..# .
##....#...#
##...n....
##........
##.#......
####.....>


You could see an ogre, a necrophage and a wyvern skeleton.

Vanquished Creatures
  A black bear (D:5)
  A phantom (D:3)
  A kobold brigand (D:3)
  A bullfrog (D:5)
  A jelly (D:4)
  3 orc priests
  2 iguanas
  4 gnolls (D:4)
  5 adders
  An ufetubus (D:3)
  2 worms (D:2)
  A dart slug (D:3)
  11 orcs
  7 endoplasms
  A giant cockroach (D:1)
  6 goblins
  11 hobgoblins
  3 jackals (D:1)
  11 kobolds
  3 quokkas
  2 ball pythons
  3 bats
  2 frilled lizards
  A rat (D:2)
84 creatures vanquished.

Notes
Turn   | Place    | Note
-------+----------+-------------------------------------------
     0 | D:1      | gigimoi the Draconian Berserker began the quest for the
                  | Orb.
     0 | D:1      | Reached XP level 1. HP: 19/19 MP: 1/1
   374 | D:1      | Reached XP level 2. HP: 23/26 MP: 2/2
   475 | D:1      | Found a faded altar of an unknown god.
  1392 | D:2      | Reached XP level 3. HP: 19/33 MP: 3/3
  2019 | D:2      | Reached XP level 4. HP: 40/40 MP: 4/4
  2061 | D:2      | Reached ** piety under Trog
  2708 | D:3      | Reached XP level 5. HP: 14/47 MP: 5/5
  3048 | D:3      | Noticed a phantom
  3064 | D:3      | Killed a phantom
  3065 | D:3      | Reached skill level 1 in Stealth
  3137 | D:3      | Reached XP level 6. HP: 23/53 MP: 6/6
  3551 | D:3      | Reached skill level 5 in Polearms
  3694 | D:4      | Found a staircase to the Ecumenical Temple.
  4272 | D:4      | Found an ornate altar of the Wu Jian Council.
  4272 | D:4      | Found a hazy altar of Hepliaklqana.
  4277 | D:4      | Found a snail-covered altar of Cheibriados.
  4282 | D:4      | Found a basalt altar of Yredelemnul.
  4285 | D:4      | Found a glowing golden altar of the Shining One.
  4290 | D:4      | Found an opulent altar of Gozag.
  4621 | D:4      | Reached skill level 5 in Fighting
  5248 | D:5      | Entered Level 5 of the Dungeon
  5259 | D:5      | Your scales start taking on a dull iron-grey colour.
  5259 | D:5      | Reached XP level 7. HP: 61/61 MP: 7/7
  5271 | D:5      | Slain by an ogre

Illustrated notes

Levels and vault maps discovered:
D:1:      eino_arrival_cavern_c, layout_basic,
          hellmonk_ecumenical_altar_slurped_away, serial_glass, glass_columns_c,
          glass_columns_a, solitary_fountain
D:2:      layout_rooms
D:3:      cheibrodos_thug_alley, layout_basic
D:4:      layout_basic, nicolae_overflow_hallway_of_the_gods,
          minmay_temple_entry_statues_fountains, hangedman_glass_teeth,
          minivault_14
D:5:      layout_cave_pools, kennysheep_generic_room_5, uniq_edmund,
          uniq_grinder

Skill      XL: |  1  2  3  4  5  6 |
---------------+-------------------+-----
Dodging        | 3 4 |  4.6
Fighting       | 4 5 |  5.1
Polearms       | 4 5 |  5.9
Stealth        | 1 2 |  2.1

Action                   |  1- 3 |  4- 6 |  7- 9 || total
-------------------------+-------+-------+-------++-------
Melee: Spear             |   120 |   186 |    12 ||   318
       Tailslap          |    10 |    24 |     5 ||    39
Invok: Berserk           |     4 |     7 |       ||    11
       Trog's Hand       |       |     1 |       ||     1
  Use: Scroll            |       |     8 |       ||     8
 Stab: Sleeping          |     1 |     1 |       ||     2
Armor: Skin              |    34 |    52 |     3 ||    89
Dodge: Dodged            |    64 |   125 |    11 ||   200

Table legend: (Time is in decaauts)
 A = Elapsed time spent in this place.
 B = Non-inter-level travel time spent in this place.
 C = Inter-level travel time spent in this place.
 D = Time resting spent in this place.
 E = Time spent auto-exploring this place.
 F = Levels seen in this place.
 G = Mean time per level.
                   A        B        C        D        E       F      G
               +--------+--------+--------+--------+--------+-----+--------+
         Total |   5345 |   5163 |    182 |    321 |   4081 |   5 | 1069.0 |
       Dungeon |   5345 |   5163 |    182 |    321 |   4081 |   5 | 1069.0 |
               +--------+--------+--------+--------+--------+-----+--------+

Top non-repeatable levels by time:
     D:4: 1600 daAuts
     D:3: 1578 daAuts
     D:1: 1292 daAuts
     D:2: 858 daAuts
     D:5: 15 daAuts
